 Dungeon Crawl Stone Soup version 0.31-a0-523-g071a6c1ffa (webtiles) character file.

Game seed: 6221971235581096124

2548 bobo the Changeling (level 9, -1/84 HPs)
             Began as a Green Draconian Shapeshifter on Aug 10, 2023.
             Was a Follower of Qazlal.
             Slain by an orc warrior
             ... wielding a +0 glaive
              (9 damage)
             ... on level 7 of the Dungeon on Aug 11, 2023.
             The game lasted 00:18:06 (5314 turns).

bobo the Changeling (Green Draconian Shapeshifter)  Turns: 5314, Time: 00:18:07

Health: -1/84      AC: 13    Str: 23    XL:     9   Next: 30%
Magic:  10/11      EV: 13    Int:  8    God:    Qazlal [*.....]
Gold:   311        SH:  2    Dex:  9    Spells: 8/8 levels left

rFire   + .          .
                       - Unarmed
rCold   + + .        (shield currently unavailable)
rNeg    + . .        (body armour unavailable)
rPois   +            o - +0 hat
rElec   +            A - +0 cloak
rCorr   .            (no gloves)
SInv    +            m - +4 pair of boots of Soft Rains {rC++ rN+ SInv}
Will    .....        C - amulet of the acrobat
Stlth   +            (no ring)
HPRegen 0.34/turn    (no ring)
MPRegen 0.12/turn

%: acrobat
@: short of breath, flux-form, glowing, studying Invocations
A: glow, contaminating, breathe noxious fumes, AC +7, unfitting armour, poison
resistance, cold-blooded, clumsy 1, fire resistance 1, robust 1, electricity
resistance, evolution 1
a: Breathe Noxious Fumes, Begin Untransformation, Renounce Religion


You were on level 7 of the Dungeon.
You worshipped Qazlal.
Qazlal was aware of your devotion.
You were something dangerously unstable.
You visited 1 branch of the dungeon, and saw 7 of its levels.

You collected 311 gold pieces.

Inventory:

Armour
 m - the +4 pair of boots of Soft Rains (worn) {rC++ rN+ SInv}
   (You acquired it on level 7 of the Dungeon)

   rC++:      It greatly protects you from cold.
   rN+:       It protects you from negative energy.
   SInv:      It lets you see invisible.
 o - a +0 hat (worn)
 A - a +0 cloak (worn)
Jewellery
 C - an amulet of the acrobat (around neck)
Talismans
 b - a beast talisman
 c - a flux talisman (active)
 t - a serpent talisman
Wands
 l - a wand of digging (4)
 q - a wand of iceblast (9)
 r - a wand of paralysis (9)
 y - a wand of light (12)
Scrolls
 e - a scroll of silence
 f - a scroll of enchant weapon
 j - 2 scrolls of poison {unknown}
 p - a scroll of fog {unknown}
 s - a scroll of brand weapon {unknown}
 w - a scroll of revelation {unknown}
 x - a scroll of blinking {unknown}
 z - a scroll of immolation {unknown}
 D - 2 scrolls of amnesia {unknown}
 F - 2 scrolls of teleportation {unknown}
 G - a scroll of noise {unknown}
 H - a scroll of fear {unknown}
Potions
 a - a potion of lignification
 d - 4 potions of might {unknown}
 g - 3 potions of heal wounds
 h - a potion of curing {unknown}
 i - 3 potions of ambrosia
 k - a potion of resistance {unknown}
 n - 3 potions of mutation
 u - a potion of cancellation {unknown}
 E - a potion of degeneration {unknown}


   Skills:
 + Level 6.3 Fighting
 + Level 5.6 Dodging
 + Level 6.6 Unarmed Combat
 + Level 3.0 Invocations
 + Level 6.8 Shapeshifting


You had 8 spell levels left.
You didn't know any spells.
Your spell library contained the following spells:

 Spells                   Type           Power      Damage    Failure   Level
 Summon Small Mammal      Summ           0%         N/A       41%         1
 Static Discharge         Conj/Air       0%         2-2/arc   54%         2
 Call Canine Familiar     Summ           0%         N/A       78%         3
 Ozocubu's Armour         Ice            0%         N/A       78%         3
 Summon Guardian Golem    Hex/Summ       0%         N/A       78%         3
 Airstrike                Air            0%         2d(0-16)  99%         4
 Summon Lightning Spire   Summ/Air       0%         N/A       99%         4
 Alistair's Intoxication  Tmut/Pois      0%         N/A       100%        5
 Borgnjor's Vile Clutch   Necr/Erth      0%         N/A       100%        5
 Eringya's Noxious Bog    Tmut/Pois      0%         4d6       100%        6
 Ozocubu's Refrigeration  Ice            0%         4d7       100%        7


Dungeon Overview and Level Annotations

Branches:
Dungeon (7/15)             Temple (0/1) D:6

Altars:
Elyvilon
Qazlal
Sif Muna
Wu Jian
Zin
The Shining One

Shops:
D:4 [


Innate Abilities, Weirdness & Mutations

You are something dangerously unstable.
You glow with magical radiation, making you easy to see and hit.
Foes you strike become dangerously contaminated with magical radiation.
You are incapable of wielding weapons or throwing items.
You can breathe blasts of noxious fumes.
Your lurid green scales are hard. (AC +7)
You cannot fit into any form of body armour.
Your system is resistant to poisons. (rPois)
You are cold-blooded and may be slowed by cold attacks.
You are clumsy. (Dex -2)
Your flesh is heat resistant. (rF+)
You are robust. (+10% HP)
You are resistant to electric shocks. (rElec)
You have hidden genetic potential.


Message History

You catch the helpless gnoll completely off-guard!
You hit the gnoll.
You kill the gnoll!
Qazlal accepts your kill.
The gnoll is engulfed in noxious fumes.
The gnoll appears confused.
The wyvern bites you.
You hit the wyvern.
The wyvern glows dangerously bright.
The wyvern is almost dead.
The gnoll is engulfed in noxious fumes.
The gnoll appears confused.
You hit the gnoll.
The gnoll begins to glow.
You tail-slap the gnoll.
The gnoll is moderately wounded.
The gnoll is engulfed in noxious fumes.
The gnoll appears confused.
You hit the wyvern.
You kill the wyvern!
Qazlal accepts your kill.
The gnoll is engulfed in freezing vapours.
You kill the gnoll!
Qazlal accepts your kill.
An orc comes into view. It is wielding a +0 flail.
The orc warrior hits you from afar with a +0 glaive!
Your Invocations skill increases to level 3!
You completely miss the gnoll.
The gnoll is moderately wounded.
The orc warrior hits you from afar with a +0 glaive!!
An orc comes into view. It is wielding a +0 dagger.
The gnoll hits you with a +0 spear.
The gnoll hits itself with a +0 spear.
The orc shouts!
You hit the gnoll.
The gnoll glows dangerously bright.
The gnoll is severely wounded.
You hit the gnoll but do no damage.
The gnoll shudders as magic cascades through it!
You kill the gnoll!
Qazlal accepts your kill.
The orc warrior hits you from afar with a +0 glaive!!
* * * LOW HITPOINT WARNING * * *
As you read the scroll labelled OVONLEXUTU, it crumbles to dust.
It is a scroll of enchant weapon.
You aren't carrying any weapons that can be enchanted.
The orc warrior hits you from afar with a +0 glaive!
You die...

#...........#..#.......
#......................
#.......o............##
#.....o.......####....#
#..........# #..#.[
#..........#######.....
#...°†o............###.
#...).)............# #.
#.....B............###.
#..........(...........
######.............#...
#.................
#......|..########
#.........# #.........#
#.#####...# ###...##..#


You could see an orc warrior and 2 orcs.

Vanquished Creatures
  A wyvern (D:7)
  Menkaure (D:7)
  A water moccasin (D:6)
  Duvessa (D:6)
  A black bear (D:7)
  An orc warrior (D:6)
  2 ice beasts
  2 ogres
  A phantom (D:5)
  A kobold brigand (D:6)
  4 scorpions
  A bullfrog (D:6)
  Dowan (D:6)
  3 hounds
  3 gnoll boudas
  4 orc priests
  3 sleepcaps
  Jessica (D:3)
  5 iguanas
  Ijyb (D:3)
  6 orc wizards
  20 gnolls
  6 adders
  An ufetubus (D:5)
  A worm (D:3)
  3 dart slugs
  18 orcs
  4 bats
  5 endoplasms
  A giant cockroach (D:3)
  2 goblins (D:1)
  6 hobgoblins
  4 jackals (D:5)
  13 kobolds
  2 quokkas
  9 ball pythons
  2 frilled lizards
  5 rats
146 creatures vanquished.

Notes
Turn   | Place    | Note
-------+----------+-------------------------------------------
     0 | D:1      | bobo the Draconian Shapeshifter began the quest for the
                  | Orb.
     0 | D:1      | Reached XP level 1. HP: 16/16 MP: 1/1
     1 | D:1      | Noticed an electric eel
   105 | D:1      | Reached XP level 2. HP: 23/23 MP: 2/2
   111 | D:1      | Found a faded altar of an unknown god.
   118 | D:1      | Prayed at the altar of an unknown god.
   352 | D:1      | Reached XP level 3. HP: 29/29 MP: 3/3
   549 | D:1      | Found a white marble altar of Elyvilon.
   852 | D:2      | Reached XP level 4. HP: 16/36 MP: 4/4
  1918 | D:3      | Noticed Jessica
  1925 | D:3      | Killed Jessica
  1959 | D:3      | Reached XP level 5. HP: 42/42 MP: 5/5
  1962 | D:3      | Noticed Ijyb
  2016 | D:3      | Killed Ijyb
  2072 | D:3      | Found a shimmering blue altar of Sif Muna.
  2492 | D:4      | Reached XP level 6. HP: 51/51 MP: 6/6
  2532 | D:4      | Identified the +5 war axe "Voc Qyad" {flame, rElec}
  2615 | D:4      | Found Hischyick's Armour Emporium.
  2840 | D:5      | Entered Level 5 of the Dungeon
  2953 | D:4      | Upgraded the game from 0.31-a0-521-gc7390f8997 to
                  | 0.31-a0-523-g071a6c1ffa
  3214 | D:5      | Found a stormy altar of Qazlal.
  3289 | D:5      | Your scales start taking on a lurid green colour.
  3289 | D:5      | Reached XP level 7. HP: 42/58 MP: 7/7
  3289 | D:5      | Gained mutation: Your system is resistant to poisons.
                  | (rPois) [Green Draconian growth]
  3560 | D:5      | Found a white marble altar of Elyvilon.
  3654 | D:5      | Reached skill level 5 in Unarmed Combat
  4041 | D:5      | Became a worshipper of Qazlal Stormbringer
  4080 | D:6      | Found a staircase to the Ecumenical Temple.
  4083 | D:6      | Noticed Dowan
  4084 | D:6      | Noticed Duvessa
  4236 | D:6      | Reached skill level 5 in Shapeshifting
  4273 | D:6      | Gained mutation: Your mind is acute. (Int +4, Str/Dex -1)
                  | [potion of mutation]
  4273 | D:6      | Gained mutation: You expend magic power (3 MP) to
                  | strengthen your wands. [potion of mutation]
  4273 | D:6      | Gained mutation: You are clumsy. (Dex -2) [potion of
                  | mutation]
  4273 | D:6      | Gained mutation: You have hidden genetic potential. [potion
                  | of mutation]
  4316 | D:6      | Lost mutation: You are clumsy. (Dex -2) [potion of
                  | mutation]
  4316 | D:6      | Lost mutation: Your mind is acute. (Int +4, Str/Dex -1)
                  | [potion of mutation]
  4316 | D:6      | Lost mutation: You expend magic power (3 MP) to strengthen
                  | your wands. [potion of mutation]
  4316 | D:6      | Gained mutation: You are robust. (+10% HP) [potion of
                  | mutation]
  4316 | D:6      | Gained mutation: You are clumsy. (Dex -2) [potion of
                  | mutation]
  4316 | D:6      | Gained mutation: You are resistant to electric shocks.
                  | (rElec) [potion of mutation]
  4378 | D:6      | Reached XP level 8. HP: 73/73 MP: 8/8
  4400 | D:6      | Killed Dowan
  4407 | D:6      | Killed Duvessa
  4408 | D:6      | Reached skill level 5 in Fighting
  4515 | D:6      | Gained mutation: Your flesh is heat resistant. (rF+)
                  | [hidden potential]
  4567 | D:6      | Reached * piety under Qazlal
  4601 | D:6      | Found an ornate altar of the Wu Jian Council.
  4710 | D:6      | Reached skill level 5 in Dodging
  5080 | D:7      | Reached XP level 9. HP: 74/82 MP: 9/9
  5101 | D:7      | Identified 2 scrolls of acquirement
  5102 | D:7      | Acquired a manual of Invocations
  5104 | D:7      | Acquired the +4 pair of boots of Soft Rains {rC++ rN+ SInv}
  5158 | D:7      | Reached skill level 1 in Invocations
  5226 | D:7      | Noticed Menkaure
  5238 | D:7      | Killed Menkaure
  5276 | D:7      | Found a glowing golden altar of the Shining One.
  5314 | D:7      | Slain by an orc warrior

Illustrated notes

Levels and vault maps discovered:
D:1:      arrival_aquarium_a, layout_rooms, hellmonk_ecumenical_altar_lost_god,
          nrook_uturn, nrook_campfire, minmay_misc_feat_columns,
          minmay_hexomino_r4
D:2:      layout_basic, moated_statue
D:3:      layout_rooms, lemuel_round_altar, uniq_jessica, uniq_ijyb
D:4:      layout_rooms, serial_shops, nicolae_shop_waterfront
D:5:      layout_basic, lemuel_tele_altar, mainiacjoe_overflow_surrounded_room,
          skrybe_limestone_x, grunt_decor_clamped
D:6:      layout_gridville, lemuel_round_altar,
          minmay_temple_entry_proselytizer, uniq_duvessa
D:7:      layout_rooms, lemuel_round_altar, nicolae_hepliaklqana_hippocampus,
          uniq_menkaure

Skill      XL: |  1  2  3  4  5  6  7  8  9 |
---------------+----------------------------+-----
Dodging        | 2 3 4 5 |  5.6
Fighting       | 2 3 4 5 6 |  6.3
Unarmed Combat | 4 5 6 |  6.6
Shapeshifting  | 4 5 6 |  6.8
Invocations    | 3 |  3.0

Action                     |  1- 3 |  4- 6 |  7- 9 || total
---------------------------+-------+-------+-------++-------
  Melee: Unarmed           |    74 |   162 |   191 ||   427
         Tailslap          |    15 |    29 |    39 ||    83
         Punch             |     2 |     8 |     8 ||    18
Ability: Breathe Noxious F |       |       |    16 ||    16
    Use: Potion            |     1 |     1 |     2 ||     4
         Scroll            |       |     1 |     7 ||     8
   Stab: Sleeping          |     2 |       |       ||     2
         Confused          |       |       |    10 ||    10
 Armour: Skin              |    23 |    49 |    65 ||   137
  Dodge: Dodged            |    34 |    92 |   138 ||   264
  Block: Other             |       |       |     7 ||     7
   Form: Flux              |       |       |     1 ||     1

Table legend: (Time is in decaauts)
 A = Elapsed time spent in this place.
 B = Non-inter-level travel time spent in this place.
 C = Inter-level travel time spent in this place.
 D = Time resting spent in this place.
 E = Time spent auto-exploring this place.
 F = Levels seen in this place.
 G = Mean time per level.
                   A        B        C        D        E       F      G
               +--------+--------+--------+--------+--------+-----+--------+
         Total |   5277 |   4912 |    365 |    279 |   3519 |   7 |  753.9 |
       Dungeon |   5277 |   4912 |    365 |    279 |   3519 |   7 |  753.9 |
               +--------+--------+--------+--------+--------+-----+--------+

Top non-repeatable levels by time:
     D:2: 1149 daAuts
     D:5: 1015 daAuts
     D:6: 930 daAuts
     D:1: 702 daAuts
     D:4: 676 daAuts
     D:3: 550 daAuts
     D:7: 253 daAuts
